 Dungeon Crawl Stone Soup version 0.30-a0-622-gddc90eaa04 (webtiles) character file.

Game seed: 4013577103725072126

7746 hikkokomori the Fighter (level 11, -10/95 HPs)
             Began as a Formicid Fighter on Jan 11, 2023.
             Was a Believer of Okawaru.
             Mangled by a titanic slime creature (35 damage)
             ... on level 9 of the Dungeon.
             The game lasted 00:29:13 (9520 turns).

hikkokomori the Fighter (Formicid Fighter)          Turns: 9520, Time: 00:29:13

Health: -10/95     AC:  5    Str: 29    XL:     11   Next: 43%
Magic:  8/8        EV: 10    Int:  8    God:    Okawaru [**....]
Gold:   565        SH:  5    Dex: 13    Spells: 13/18 levels left

rFire   + + +      SeeInvis +    E - +4 war axe of the Hurtling Big Fish {drain, rF+++ MP-9 Str+4 Stlth-}
rCold   . . .      Faith    .    c - +0 buckler
rNeg    . . .      Spirit   .    v - +1 troll leather armour
rPois   .          Reflect  .    (helmet unavailable)
rElec   .          Harm     .    (no cloak)
rCorr   .          Rampage  .    (no gloves)
Will    +....                    (no boots)
Stlth   ++                       (no amulet)
HPRegen 1.15/turn                (no ring)
MPRegen 0.11/turn                (no ring)

@: no status effects
A: permanent stasis, dig shafts and tunnels, antennae 3, four strong arms
a: Dig, Shaft Self, Renounce Religion, Heroism


You were on level 9 of the Dungeon.
You worshipped Okawaru.
Okawaru was pleased with you.
You visited 2 branches of the dungeon, and saw 10 of its levels.

You collected 565 gold pieces.

Inventory:

Hand Weapons
 a - a +0 flail
 d - a +0 giant club
 f - a +4 flail
 E - the +4 war axe of the Hurtling Big Fish (weapon) {drain, rF+++ MP-9 Str+4 Stlth-}
   (You found it on level 9 of the Dungeon)

   Str:       It affects your strength (+4).
   rF:        It renders you almost immune to fire.
   MP:        It affects your magic capacity (-9).
   Stlth:     It makes you less stealthy.
Missiles
 t - 2 throwing nets
Armour
 b - a +0 scale mail
 c - a +0 buckler (worn)
 h - a +1 plate armour
 v - a +1 troll leather armour (worn)
 w - a +1 leather armour of cold resistance
Wands
 g - a wand of flame (47)
 i - a wand of roots (12)
 z - a wand of mindburst (9)
 F - a wand of acid (5)
Scrolls
 e - 8 scrolls of teleportation
 k - a scroll of summoning {unknown}
 m - 3 scrolls of identify
 r - 2 scrolls of magic mapping
 s - 2 scrolls of fog {unknown}
 y - a scroll of amnesia
 D - a scroll of enchant armour
Potions
 j - a potion of lignification
 l - 3 potions of flight
 n - a potion of resistance
 o - 2 potions of heal wounds
 p - a potion of attraction
 q - 3 potions of brilliance
 u - 2 potions of cancellation {unknown}
 x - 2 potions of ambrosia
 A - a potion of curing
 B - 2 potions of berserk rage {unknown}
 C - a potion of mutation {unknown}


   Skills:
 - Level 11.6 Fighting
 + Level 1.1(6.4) Axes
 - Level 10.1 Maces & Flails
 - Level 4.5 Armour
 - Level 5.4 Stealth
 - Level 5.2 Shields
 + Level 4.3 Spellcasting
 - Level 3.8 Conjurations
 + Level 0.1 Ice Magic
 + Level 3.6 Evocations


You had 13 spell levels left.
You knew the following spells:

 Your Spells              Type           Power      Damage    Failure   Level
a - Searing Ray           Conj           14%        2d5       12%         2
b - Frozen Ramparts       Ice            2%         1d1       73%         3

Your spell library contained the following spells:

 Spells                   Type           Power      Damage    Failure   Level
 Magic Dart               Conj           28%        1d4       8%          1
 Apportation              Tloc           2%         N/A       36%         1
 Freeze                   Ice            4%         1d3       36%         1
 Slow                     Hex            4%         N/A       36%         1
 Hailstorm                Conj/Ice       4%         3d4       45%         3
 Ensorcelled Hibernation  Hex/Ice        2%         N/A       50%         2
 Passwall                 Tmut/Erth      0%         N/A       50%         2
 Confusing Touch          Hex            1%         N/A       75%         3
 Kindle Blastsparks       Fire/Tloc/Air  2%         2d10      75%         3
 Vampiric Draining        Necr           1%         2d6       75%         3
 Fulminant Prism          Conj/Hex       2%         3d5       86%         4
 Iskenderun's Mystic Bla  Conj/Tloc      4%         2d3       86%         4
 Alistair's Intoxication  Tmut/Pois      0%         N/A       100%        5
 Lee's Rapid Deconstruct  Erth           0%         3d4*      100%        5
 Orb of Destruction       Conj           3%         9d5       100%        7
 Summon Small Mammal      Summ           Unusable   N/A       N/A         1
 Call Canine Familiar     Summ           Unusable   N/A       N/A         3
 Summon Guardian Golem    Hex/Summ       Unusable   N/A       N/A         3
 Swiftness                Air            Unusable   N/A       N/A         3
 Spellforged Servitor     Conj/Summ      Unusable   N/A       N/A         7

Dungeon Overview and Level Annotations

Branches:
Dungeon (9/15)             Temple (1/1) D:7
   Lair: D:8-11         Orc: D:9-12

Altars:
Ashenzari
Cheibriados
Dithmenos
Elyvilon
Fedhas
Gozag
Kikubaaqudgha
Makhleb
Nemelex Xobeh
Okawaru
Qazlal
Trog
Vehumet
Wu Jian
Xom
Yredelemnul
The Shining One
Jiyva

Shops:
D:4 =   D:5 [

Annotations:
D:8 1 transporter


Innate Abilities, Weirdness & Mutations

You cannot be hasted, slowed, berserked, paralysed or teleported.
You can dig through walls and to a lower floor.
You have a pair of large antennae on your head. (SInv)
Your four strong arms can wield two-handed weapons with a shield.


Message History

You sense a monster nearby.
You sense a monster nearby.
There is an open door here.
F - a wand of acid (5) As you open the door, it creaks loudly! 4 slime creatures come into view.
The slime creature quivers. x4
A slime creature comes into view.
The slime creature moves out of view.
There are monsters nearby!
There are monsters nearby!
Two slime creatures merge to form a large slime creature.
The slime creature barely misses you.
There is an open door here.
You slash the slime creature! You drain the slime creature.
The slime creature is moderately wounded.
You hit the large slime creature but do no damage.
You slash the slime creature!
Two slime creatures merge to form a very large slime creature.
The slime creature hits you. The slime creature hits you!
You barely miss the slime creature.
The slime creature is moderately wounded.
You hit the slime creature. You drain the slime creature.
You slash the very large slime creature!
The slime creature hits you! x2
You slice the slime creature!!
The slime creature is severely wounded.
You slash the slime creature!
You slash the very large slime creature!
The slime creature hits you but does no damage.
The very large slime creature hits you!!
The slime creature hits you!
* * * LOW HITPOINT WARNING * * *
Unknown command.
Two slime creatures merge to form an enormous slime creature.
Two slime creatures merge to form a titanic slime creature.
Are you sure you want to shaft yourself?
You begin to dig a shaft.
You continue digging a shaft.
The titanic slime creature hits you!!
You die...

#.#....#..#......#
#.#....####...#'#####
#.#....)..)...#.....#
#.#####.#)รท.#.#.....#
#.....#.#...#.#.....#
#.....'.......#'#####
#.....#..............
#####..#..............
#..J#@.#..............
#.J..#..............
#...#..#..............
#...#..#...##########.
#...#..#...# #.
#.#.#..#...# #.
#.#.#..#...##########.
# #.+..#..............
#.####..............


You could see a titanic slime creature (drained).

Vanquished Creatures
  2 trolls
  Grinder (D:4)
  15 yaks
  Eustachio (D:5)
  A steam dragon (D:9)
  Menkaure (D:5)
  An acid dragon (D:9)
  Duvessa (D:5)
  3 water moccasins
  2 ice beasts
  3 black bears
  An orc warrior (D:9)
  3 sky beasts
  6 ogres
  4 centaurs
  3 phantoms
  2 kobold brigands
  Blork the orc (D:4)
  4 bullfrogs
  6 necrophages
  3 scorpions
  Dowan (D:5)
  6 killer bees
  7 hounds
  3 orc priests
  11 iguanas
  Natasha (twice) (D:2)
  2 orc wizards (D:8)
  Robin (D:2)
  8 adders
  A gnoll (D:1)
  2 shadow imps
  A white imp (D:5)
  2 worms
  2 dart slugs
  15 orcs
  5 ball pythons
  8 endoplasms
  4 giant cockroaches
  16 goblins
  10 hobgoblins
  8 jackals
  6 quokkas
  6 bats
  8 frilled lizards
  20 kobolds
  3 rats
222 creatures vanquished.

Vanquished Creatures (others)
  2 fungi (D:2)
2 creatures vanquished.

Grand Total: 224 creatures vanquished

Notes
Turn   | Place    | Note
-------+----------+-------------------------------------------
     0 | D:1      | hikkokomori the Formicid Fighter began the quest for the
                  | Orb.
     0 | D:1      | Reached XP level 1. HP: 18/18 MP: 1/1
    89 | D:1      | Reached XP level 2. HP: 18/24 MP: 2/2
   166 | D:1      | Reached XP level 3. HP: 8/30 MP: 3/3
   701 | D:1      | Reached skill level 4 in Fighting
   751 | D:1      | Reached XP level 4. HP: 37/37 MP: 4/4
  1143 | D:2      | Reached skill level 5 in Shields
  1406 | D:2      | Noticed Natasha
  1411 | D:2      | Killed Natasha
  1412 | D:2      | Reached XP level 5. HP: 39/43 MP: 5/5
  1565 | D:2      | Noticed Robin
  1578 | D:2      | Killed Robin
  1716 | D:2      | Noticed Natasha
  1722 | D:2      | Killed Natasha
  2202 | D:3      | Reached XP level 6. HP: 32/50 MP: 6/6
  2207 | D:3      | Reached skill level 5 in Fighting
  2773 | D:4      | Noticed Blork the orc
  2864 | D:4      | Noticed an ogre
  2865 | D:4      | Killed Blork the orc
  2873 | D:4      | Killed an ogre
  2874 | D:4      | Reached XP level 7. HP: 37/57 MP: 7/7
  2883 | D:4      | Reached skill level 6 in Fighting
  2909 | D:4      | Reached skill level 5 in Maces & Flails
  2947 | D:4      | Found an opulent altar of Gozag.
  3070 | D:4      | Reached XP level 8. HP: 54/65 MP: 8/8
  3205 | D:4      | Reached skill level 7 in Fighting
  3337 | D:4      | Found Nairaxki's Jewellery Shop.
  3532 | D:4      | Noticed Grinder
  3550 | D:4      | Killed Grinder
  3894 | D:5      | Entered Level 5 of the Dungeon
  3919 | D:5      | Noticed Menkaure
  3921 | D:5      | Reached skill level 8 in Fighting
  3932 | D:5      | Killed Menkaure
  4420 | D:5      | Reached XP level 9. HP: 67/75 MP: 9/9
  4540 | D:5      | Found a snail-covered altar of Cheibriados.
  4582 | D:5      | Noticed Duvessa
  4583 | D:5      | Noticed Dowan
  4595 | D:5      | Killed Duvessa
  4596 | D:5      | Reached skill level 9 in Fighting
  4609 | D:5      | Killed Dowan
  4846 | D:5      | Found a glowing golden altar of the Shining One.
  4941 | D:5      | Found Luuc's Antique Armour Shoppe.
  5010 | D:5      | Noticed a troll
  5023 | D:5      | Killed a troll
  5244 | D:5      | Noticed Eustachio
  5281 | D:5      | Killed Eustachio
  5282 | D:5      | Reached skill level 10 in Fighting
  5567 | D:6      | Found a stormy altar of Qazlal.
  5868 | D:6      | Reached XP level 10. HP: 80/86 MP: 10/10
  5997 | D:6      | Reached skill level 11 in Fighting
  6474 | D:7      | Found a blossoming altar of Fedhas.
  6571 | D:7      | Reached skill level 10 in Maces & Flails
  6593 | D:7      | Learned a level 2 spell: Searing Ray
  6742 | D:7      | Reached skill level 1 in Stealth
  6742 | D:7      | Reached skill level 1 in Spellcasting
  6828 | D:7      | Reached skill level 1 in Conjurations
  7164 | D:7      | Found a staircase to the Ecumenical Temple.
  7308 | Temple   | Entered the Ecumenical Temple
  7477 | Temple   | Became a worshipper of Warmaster Okawaru
  7971 | D:8      | Found a transporter.
  7976 | D:8      | Found a viscous altar of Jiyva.
  8011 | D:8      | Reached XP level 11. HP: 48/95 MP: 15/15
  8018 | D:8      | Reached skill level 1 in Evocations
  8022 | D:8      | Reached * piety under Okawaru
  8030 | D:8      | HP: 4/93 [yak (14)]
  9027 | D:9      | Learned a level 3 spell: Frozen Ramparts
  9121 | D:9      | Reached skill level 5 in Stealth
  9152 | D:9      | Identified the +4 war axe of the Hurtling Big Fish {drain,
                  | rF+++ MP-9 Str+4 Stlth-}
  9271 | D:9      | Reached ** piety under Okawaru
  9272 | D:9      | Reached skill level 1 in Axes
  9520 | D:9      | Mangled by a titanic slime creature

Illustrated notes

Levels and vault maps discovered:
D:1:      wheals_arrival_linesprint, layout_rooms, serial_bayou_pond_b
D:2:      layout_loops_corners, uniq_crazy_yiuf_cottage, uniq_natasha,
          uniq_robin
D:3:      layout_basic, roderic_lattice_a
D:4:      layout_rooms, mainiacjoe_overflow_six_doors_small,
          gup_sewer_entry_bowl, serial_shops, nicolae_diamond_shop,
          grunt_ministairs_7, minmay_joined_circles, uniq_blork_the_orc,
          uniq_grinder
D:5:      layout_basic, nicolae_tso_carved_into_rock,
          mainiacjoe_overflow_boulevard, serial_shops, shop, kennysheep_dice,
          uniq_menkaure, uniq_eustachio, uniq_duvessa
D:6:      minmay_chambers_of_threes, layout_loops_ring,
          mainiacjoe_overflow_paths
D:7:      layout_basic, fedhas_altar_2, minmay_temple_entry_slanted,
          minivault_23, hangedman_minor_gate_pass
D:8:      gammafunk_jiyva_shrine, layout_layer_cave, nrook_mini_vaults
D:9:      layout_stronghold
Temple:   chequers_temple_sunken

Skill      XL: |  1  2  3  4  5  6  7  8  9 10 11 |
---------------+----------------------------------+-----
Fighting       | 4 5 6 8 10 11 | 11.6
Shields        | 5 |  5.2
Maces & Flails | 3 4 5 7 9 10 | 10.1
Stealth        | 3 5 |  5.4
Spellcasting   | 2 4 |  4.3
Conjurations   | 2 3 |  3.8
Armour         | 4 |  4.5
Evocations     | 3 |  3.6
Axes           | 1 |  1.1
Ice Magic      | |  0.1

Action                   |  1- 3 |  4- 6 |  7- 9 | 10-12 || total
-------------------------+-------+-------+-------+-------++-------
Melee: Flail             |    91 |   156 |    84 |   269 ||   600
       Giant club        |       |       |   143 |       ||   143
       War axe           |       |       |       |    19 ||    19
 Cast: Searing Ray       |       |       |       |     3 ||     3
Invok: Heroism           |       |       |       |     1 ||     1
 Abil: Dig               |       |     2 |       |     4 ||     6
       Shaft Self        |       |       |       |     1 ||     1
Evoke: Wand              |       |       |     1 |     4 ||     5
  Use: Potion            |     1 |     4 |       |     2 ||     7
       Scroll            |       |     9 |     4 |     1 ||    14
 Stab: Sleeping          |       |       |       |     2 ||     2
Armor: Scale mail        |    35 |    58 |    23 |       ||   116
       Plate armour      |       |       |    79 |       ||    79
       Troll leather arm |       |       |    18 |    68 ||    86
Dodge: Dodged            |    51 |    58 |   106 |   138 ||   353
Block: Buckler           |    34 |    30 |    20 |    74 ||   158

Table legend: (Time is in decaauts)
 A = Elapsed time spent in this place.
 B = Non-inter-level travel time spent in this place.
 C = Inter-level travel time spent in this place.
 D = Time resting spent in this place.
 E = Time spent auto-exploring this place.
 F = Levels seen in this place.
 G = Mean time per level.
                   A        B        C        D        E       F      G
               +--------+--------+--------+--------+--------+-----+--------+
         Total |   9664 |   9319 |    345 |    532 |   6947 |  10 |  966.4 |
       Dungeon |   9437 |   9124 |    313 |    532 |   6758 |   9 | 1048.6 |
        Temple |    227 |    196 |     31 |      0 |    189 |   1 |  227.0 |
               +--------+--------+--------+--------+--------+-----+--------+

Top non-repeatable levels by time:
     D:5: 1612 daAuts
     D:8: 1447 daAuts
     D:2: 1100 daAuts
     D:4: 1070 daAuts
     D:1: 970 daAuts
     D:7: 934 daAuts
     D:6: 900 daAuts
     D:3: 839 daAuts
     D:9: 561 daAuts
  Temple: 227 daAuts
